 Dungeon Crawl Stone Soup version 0.27-a0-380-g150de4c316 (webtiles) character file.

Game seed: 13036896380260130977

213 dickylongcocking the Geomancer (level 5, 0/42 HPs)
             Began as a Deep Dwarf Earth Elementalist on Feb 18, 2021.
             Slain by a scorpion (6 damage)
             ... on level 4 of the Dungeon.
             The game lasted 00:04:17 (3380 turns).

dickylongcocking the Geomancer (DDEE)               Turns: 3380, Time: 00:04:18

Health: 0/42       AC:  7    Str: 11    XL:     5   Next: 59%
Magic:  5/7        EV: 10    Int: 15    God:
Gold:   192        SH:  0    Dex: 13    Spells: 3/7 levels left

rFire    . . .     SeeInvis .   p - +0 war axe
rCold    . . .     Faith    .   (no shield)
rNeg     . . .     Spirit   .   h - +0 ring mail
rPois    .         Reflect  .   (no helmet)
rElec    .         Harm     .   (no cloak)
rCorr    .         Rampage  .   d - +1 pair of gloves
Will     .....                  (no boots)
Stlth    +.........             (no amulet)
HPRegen  0.00/turn              (no ring)
MPRegen  0.10/turn              (no ring)

@: non-regenerating
A: damage resistance, heal wounds, hooves 1, blink, dopey 1, sense surroundings
1, wild magic 1, no regeneration
a: Heal Wounds, Blink


You were on level 4 of the Dungeon.
You visited 1 branch of the dungeon, and saw 4 of its levels.

You collected 192 gold pieces.

Inventory:

Hand Weapons
 b - a +0 halberd
 f - a +0 spear
 k - a +0 whip
 p - a +0 war axe (weapon)
Missiles
 m - 22 stones
Armour
 c - a +0 robe
 d - a +1 pair of gloves (worn)
 h - a +0 ring mail (worn)
Scrolls
 a - 7 scrolls of identify {unknown}
 g - 4 scrolls of enchant armour {unknown}
 i - a scroll of fear {unknown}
 n - a scroll of amnesia {unknown}
Potions
 e - a potion of haste
 j - a potion of flight {unknown}
 q - a potion of curing


   Skills:
 - Level 2.1 Dodging
 - Level 2.4 Stealth
 - Level 1.7 Spellcasting
 - Level 0.8 Transmutations
 * Level 8.4 Earth Magic


You had 3 spell levels left.
You knew the following spells:

 Your Spells              Type           Power        Failure   Level
a - Sandblast             Erth           68%          3%          1
x - Stone Arrow           Conj/Erth      36%          36%         3

Your spell library contained the following spells:

 Spells                   Type           Power        Failure   Level
 Passwall                 Tmut/Erth      15%          17%         2
 Lee's Rapid Deconstruct  Erth           17%          52%         5
 Petrify                  Tmut/Erth      19%          71%         4


Dungeon Overview and Level Annotations

Branches:
Dungeon (4/15)
 Temple: D:4-7

Altars:
Qazlal
Uskayaw


Innate Abilities, Weirdness & Mutations

You are resistant to damage.
You can heal yourself by infusing magical energy.
You passively map a small area around you.
You do not regenerate.
You have large cloven feet.
You can translocate small distances at will.
You are dopey. (Int -2)
Your spells are a little harder to cast, but a little more powerful.


Message History

Casting: Sandblast (safe; 3% risk of failure)
Confirm with . or Enter, or press ? or * to list all spells.
You can't see any susceptible monsters within range! (Use Z to cast anyway.) Unknown command.
You open the door.
There is an open door here.
You now have 192 gold pieces (gained 14).
a - 7 scrolls labelled MIRPHO QIRAM (gained 1)
You open the door.
There is an open door here.
j - a black potion Done exploring.
Done exploring.
Done exploring.
(D) Dungeon
Where to? (Enter - D:3, ? - help)
There is a stone staircase leading down here.
You climb downwards.
Found a stone staircase leading up.
There is a stone staircase leading up here.
Found a stone staircase leading down.
A scorpion comes into view.
A scorpion is nearby!
A scorpion is nearby!
Casting: Sandblast (safe; 3% risk of failure)
Confirm with . or Enter, or press ? or * to list all spells.
Aiming: Sandblast (safe; 3% risk of failure)
Press: ? - help, Shift-Dir - straight line, f - scorpion
Aim: a scorpion (18% to evade)
The blast of sand hits the scorpion!
The scorpion is severely wounded.
Casting: Sandblast (safe; 3% risk of failure)
Confirm with . or Enter, or press ? or * to list all spells.
Aiming: Sandblast (safe; 3% risk of failure)
Press: ? - help, Shift-Dir - straight line, f/p - scorpion
Aim: a scorpion (severely wounded, 18% to evade)
The blast of sand hits the scorpion.
The scorpion is severely wounded.
The scorpion stings you!
You die...

* *#### ...* *
.#####.##
........######
......s@.....#
........####.#
.#...#..#..#.# ,
* #......#..#.# *
#.#....#..#.#
........#..#.# ,
.#...#..#..#.####
#.........#....#
*
######.......#.#


You could see a scorpion.

Vanquished Creatures
  A bullfrog skeleton (D:2)
  Terence (D:1)
  An orc wizard (D:3)
  4 gnolls (D:2)
  3 adders
  4 dart slugs
  5 orcs (D:3)
  6 bats
  2 giant cockroaches
  10 goblins
  4 hobgoblins
  4 jackals
  4 kobolds
  A quokka (D:2)
  9 frilled lizards
  3 rats
62 creatures vanquished.

Notes
Turn   | Place    | Note
-------+----------+-------------------------------------------
     0 | D:1      | dickylongcocking the Deep Dwarf Earth Elementalist began
                  | the quest for the Orb.
     0 | D:1      | Reached XP level 1. HP: 15/15 MP: 3/3
   242 | D:1      | Reached XP level 2. HP: 22/22 MP: 1/4
   304 | D:1      | Reached skill level 5 in Earth Magic
  1144 | D:2      | Reached XP level 3. HP: 17/28 MP: 1/5
  1224 | D:2      | Found a stormy altar of Qazlal.
  1271 | D:2      | Reached skill level 6 in Earth Magic
  1326 | D:2      | Noticed Terence
  1408 | D:1      | Killed Terence
  1409 | D:1      | Reached XP level 4. HP: 28/36 MP: 0/6
  1496 | D:2      | Reached skill level 7 in Earth Magic
  1568 | D:2      | Found a hide-covered altar of Uskayaw.
  1764 | D:1      | Learned a level 3 spell: Stone Arrow
  2007 | D:2      | Reached XP level 5. HP: 23/42 MP: 0/7
  2870 | D:3      | Reached skill level 8 in Earth Magic
  3052 | D:3      | Gained mutation: Your spells are a little harder to cast,
                  | but a little more powerful. [potion of mutation]
  3052 | D:3      | Gained mutation: You are dopey. (Int -2) [potion of
                  | mutation]
  3052 | D:3      | Gained mutation: You can translocate small distances at
                  | will. [potion of mutation]
  3052 | D:3      | Gained mutation: You have large cloven feet. [potion of
                  | mutation]
  3380 | D:4      | Slain by a scorpion

Illustrated notes

Levels and vault maps discovered:
D:1:      shiori_arrival_elements, layout_basic, minmay_misc_feat_chi,
          nrook_campfire
D:2:      layout_rooms, marbit_many_paths, nicolae_overflow_crystal_walls,
          uniq_terence
D:3:      layout_basic, minmay_misc_feat_four_crosses,
          amcnicky_mini_corridor_feature, nrook_uturn, minmay_misc_feat_ornament
D:4:      layout_basic, nicolae_ru_path_of_blood,
          minmay_temple_entry_enclosed_plants

Skill      XL: |  1  2  3  4  5 |
---------------+----------------+-----
Earth Magic    | 5 6 7 8 |  8.4
Dodging        | |  2.1
Stealth        | |  2.4
Spellcasting   | |  1.7
Transmutations | |  0.8

Action                   |  1- 3 |  4- 6 || total
-------------------------+-------+-------++-------
Melee: Spear             |    21 |    16 ||    37
       War axe           |       |    16 ||    16
       Whip              |       |    12 ||    12
       Halberd           |       |    10 ||    10
       Kick              |       |     3 ||     3
 Cast: Sandblast         |    43 |    31 ||    74
       Stone Arrow       |       |     8 ||     8
  Use: Potion            |     2 |     4 ||     6
Armor: Robe              |    15 |       ||    15
       Ring mail         |     5 |    42 ||    47
Dodge: Dodged            |    35 |    69 ||   104

Table legend: (Time is in decaauts)
 A = Elapsed time spent in this place.
 B = Non-inter-level travel time spent in this place.
 C = Inter-level travel time spent in this place.
 D = Time resting spent in this place.
 E = Time spent auto-exploring this place.
 F = Levels seen in this place.
 G = Mean time per level.
                   A        B        C        D        E       F      G
               +--------+--------+--------+--------+--------+-----+--------+
         Total |   3389 |   3270 |    119 |    191 |   2434 |   4 |  847.2 |
       Dungeon |   3389 |   3270 |    119 |    191 |   2434 |   4 |  847.2 |
               +--------+--------+--------+--------+--------+-----+--------+

Top non-repeatable levels by time:
     D:1: 1361 daAuts
     D:2: 1039 daAuts
     D:3: 960 daAuts
     D:4: 27 daAuts
